 Dungeon Crawl Stone Soup version 0.23.1 (webtiles) character file.

Game seed: 1113915368962728966

2385 Borgoz the Cutter (level 9, -2/74 (75) HPs)
             Began as a Ghoul Monk on Mar 15, 2019.
             Was a Believer of Ashenzari.
             Slain by a troll (8 damage)
             ... on level 7 of the Dungeon.
             The game lasted 00:14:44 (7546 turns).

Borgoz the Cutter (Ghoul Monk)                      Turns: 7546, Time: 00:14:45

HP:   -2/74 (75)    AC:  8    Str: 17    XL:     9   Next: 45%
MP:   8/8           EV: 13    Int:  6    God:    Ashenzari [**....]
Gold: 391           SH:  0    Dex: 13    Spells: 8/8 levels left

rFire    + . .     SeeInvis .   u - +3 rapier of Ashrub {drain, Str+2}
rCold    + . .     Gourm    .   (no shield)
rNeg     + + +     Faith    .   y - +0 ring mail
rPois    ∞         Spirit   .   d - +1 helmet
rElec    .         Reflect  .   (no cloak)
rCorr    .         Harm     .   (no gloves)
MR       .....                  (no boots)
Stlth    +.........             (no amulet)
HPRegen  0.00/turn              g - ring of protection from fire
MPRegen  0.11/turn              (no ring)

@: confused, rotting
A: rotting body, claws 1, carnivore, cold resistance 1, negative energy
resistance 3, inhibited regeneration, torment resistance, unbreathing
a: Curse Item, Scrying, Renounce Religion


You were on level 7 of the Dungeon.
You worshipped Ashenzari.
Ashenzari was pleased with you.
You were not hungry.

You visited 2 branches of the dungeon, and saw 8 of its levels.
You also visited: Sewer.

You collected 391 gold pieces.

Inventory:

Hand Weapons
 a - a +0 rapier
 u - the +3 rapier of Ashrub (weapon) {drain, Str+2}
   (You found it on level 4 of the Dungeon)

   A truly terrible weapon, it drains the life of those it strikes.
   It affects your strength (+2).
Missiles
 r - 38 poisoned needles
Armour
 d - a +1 helmet (worn)
 y - a +0 ring mail (worn)
Jewellery
 g - a ring of protection from fire (left claw)
Wands
 e - a wand of paralysis (7)
 i - a wand of iceblast (9)
 p - a wand of enslavement (8)
 w - a wand of polymorph (11)
Scrolls
 h - 2 scrolls of fear {unknown}
 l - 4 scrolls of enchant weapon
 m - 2 scrolls of blinking {unknown}
 s - a scroll of remove curse
 t - a scroll of fog {unknown}
 v - 2 scrolls of teleportation {unknown}
 A - 2 scrolls of amnesia {unknown}
 B - a scroll of noise {unknown}
 D - a scroll of identify
Potions
 b - a potion of experience {unknown}
 f - a potion of brilliance {unknown}
 j - 3 potions of flight
 k - a potion of haste {unknown}
 n - 3 potions of resistance
 o - 2 potions of cancellation {unknown}
 x - 2 potions of agility
 z - 2 potions of curing
Comestibles
 c - 11 rations
 C - 3 chunks of flesh


   Skills:
 + Level 6.1 Fighting
 * Level 6.6 Short Blades
 + Level 5.2 Armour
 * Level 5.6 Dodging
 + Level 5.9 Stealth


You had 8 spell levels left.
You didn't know any spells.
Your spell library contained the following spells:

 Spells                   Type           Power        Failure   Level  Hunger
 Corpse Rot               Necr           N/A          78%         2    ###....
 Passwall                 Tmut/Erth      #.......     78%         2    ###....
 Vampiric Draining        Necr           #.........   95%         3    ####...
 Animate Dead             Necr           N/A          100%        4    #####..
 Petrify                  Tmut/Erth      #.......     100%        4    #####..
 Dispel Undead            Necr           #.......     100%        5    ######.


Dungeon Overview and Level Annotations

Branches:
Dungeon (7/15)             Temple (1/1) D:4

Altars:
Ashenzari
Cheibriados
Dithmenos
Elyvilon
Gozag
Makhleb
Nemelex Xobeh
Okawaru
Qazlal
Sif Muna
Trog
Uskayaw
Vehumet
Wu Jian
Xom
Yredelemnul
Zin
The Shining One

Annotations:
D:5 1 runed translucent door, Ancalimex's ghost, novice DgIE


Innate Abilities, Weirdness & Mutations

Your body is rotting away.
You thrive on raw meat.
You are immune to poison.
You have sharp fingernails.
You are carnivorous and can eat meat at any time.
Your flesh is cold resistant. (rC+)
You are immune to negative energy. (rN+++)
You do not regenerate when monsters are visible.
You are immune to unholy pain and torment.
You can survive without breathing.


Message History

The troll barely misses you. The troll claws you but does no damage.
The troll claws you!
You bump into the rock wall.
The troll bites you! The troll claws you. The troll claws you!
* * * LOW HITPOINT WARNING * * *
You are more confused.
You feel more invigorated. The troll misses you. The troll barely misses you.
The troll claws you but does no damage.
You bump into the rock wall.
The troll bites you!
* * * LOW HITPOINT WARNING * * *
The troll claws you.
* * * LOW HITPOINT WARNING * * *
The troll claws you!
* * * LOW HITPOINT WARNING * * *
You bump into the rock wall.
The troll bites you but does no damage. The troll barely misses you.
The troll claws you but does no damage. The troll bites you!
* * * LOW HITPOINT WARNING * * *
The troll misses you. The troll claws you!
You die...

........##...# #..,, ,,,..
........##..## #.. ...
........)....#{ #.## * ....
.#....).)###<+ ∆#..###..##.
........(...÷#####.?........
##.#.....#(........$...### *
* #.......#...............#
,,
,................T####...# ,
####.......#....@## ##....,
#.......>.....# ..., ,
#.............# ..
..#......#....# . , ,
......#....# , ** ...,#....#
**, , , ###### * , , , , , ,


You could see a troll.

Vanquished Creatures
  Grinder (D:5)
  Menkaure (D:5)
  Duvessa (D:4)
  A phantom (D:6)
  2 ice beasts
  An ogre (D:5)
  4 centaurs
  4 big kobolds
  A bullfrog (D:7)
  Dowan (D:4)
  A scorpion (D:4)
  2 crimson imps (D:6)
  2 hounds
  An orc priest (D:3)
  Ijyb (D:4)
  3 iguanas (D:6)
  Natasha (thrice) (D:3)
  2 orc wizards (D:4)
  5 worker ants
  2 hound zombies
  13 adders
  A howler monkey skeleton (D:4)
  4 river rats (D:6)
  A shadow imp (D:6)
  3 oozes
  An adder zombie (D:5)
  An adder skeleton (D:2)
  8 worms
  A dart slug (D:5)
  2 leopard geckos
  13 orcs
  A bat skeleton (D:2)
  A bat zombie (D:2)
  7 giant cockroaches
  7 goblins
  6 hobgoblins
  7 jackals
  20 kobolds
  5 ball pythons (Sewer)
  8 bats
  9 frilled lizards
  A giant cockroach zombie (D:2)
  A jackal skeleton (D:4)
  A leopard gecko zombie (D:2)
  12 rats
173 creatures vanquished.

Notes
Turn   | Place    | Note
-------+----------+-------------------------------------------
     0 | D:1      | Borgoz the Ghoul Monk began the quest for the Orb.
     0 | D:1      | Reached XP level 1. HP: 19/19 MP: 0/0
    69 | D:1      | Reached XP level 2. HP: 2/26 MP: 1/1
   578 | D:1      | Reached skill level 1 in Armour
  1079 | D:2      | Reached XP level 3. HP: 29/31 MP: 2/2
  1553 | D:2      | Reached XP level 4. HP: 14/39 MP: 3/3
  2531 | D:3      | Noticed Natasha
  2544 | D:3      | Killed Natasha
  2544 | D:3      | Reached XP level 5. HP: 37/46 MP: 4/4
  2612 | D:3      | Noticed Natasha
  2621 | D:3      | Killed Natasha
  2798 | D:3      | Noticed Natasha
  2806 | D:3      | Killed Natasha
  2806 | D:3      | Reached XP level 6. HP: 50/52 MP: 5/5
  3139 | D:4      | Noticed Ijyb
  3156 | D:4      | Killed Ijyb
  3178 | D:4      | Found a bloodstained altar of Trog.
  3621 | D:4      | Found a snail-covered altar of Cheibriados.
  3777 | D:4      | Got a crude rapier
  3779 | D:4      | Identified the +3 rapier of Ashrub {drain, Str+2} (You
                  | found it on level 4 of the Dungeon)
  3874 | D:4      | Found a staircase to the Ecumenical Temple.
  3886 | D:4      | Noticed Dowan
  3887 | D:4      | Noticed Duvessa
  3904 | D:4      | Killed Duvessa
  3904 | D:4      | Reached XP level 7. HP: 46/60 MP: 6/6
  3916 | D:4      | Killed Dowan
  3949 | Temple   | Entered the Ecumenical Temple
  4558 | D:5      | Entered Level 5 of the Dungeon
  4674 | D:5      | Found a runed translucent door.
  4679 | D:5      | Noticed Ancalimex's ghost (novice DgIE)
  4696 | D:5      | Reached skill level 5 in Short Blades
  4706 | D:5      | Reached XP level 8. HP: 36/67 MP: 7/7
  4746 | D:5      | Noticed Grinder
  4750 | D:5      | Paralysed by Grinder for 3 turns
  4769 | D:5      | Killed Grinder
  4769 | D:5      | Reached skill level 5 in Fighting
  5097 | D:5      | Found a shattered altar of Ashenzari.
  5120 | D:5      | Became a worshipper of Ashenzari the Shackled
  5120 | D:5      | Reached * piety under Ashenzari
  5120 | D:5      | Reached ** piety under Ashenzari
  5300 | D:5      | Noticed Menkaure
  5309 | D:5      | Killed Menkaure
  5309 | D:5      | Reached skill level 5 in Stealth
  5681 | D:6      | Found a glowing drain.
  5686 | Sewer    | Entered a sewer
  6128 | Sewer    | Reached skill level 5 in Dodging
  6128 | Sewer    | Reached XP level 9. HP: 66/75 MP: 8/8
  6372 | D:6      | Reached skill level 5 in Armour
  6443 | D:6      | Identified the Tome of Dusty Black Rites
  6756 | D:6      | Found a shimmering altar of Xom.
  7018 | D:6      | Found a basalt altar of Yredelemnul.
  7530 | D:7      | Noticed a troll
  7546 | D:7      | Slain by a troll

Skill      XL: |  1  2  3  4  5  6  7  8  9 |
---------------+----------------------------+-----
Short Blades   | 3 4 5 6 |  6.6
Armour         | 1 2 3 4 5 |  5.2
Dodging        | 3 4 5 |  5.6
Stealth        | 3 4 5 |  5.9
Fighting       | 4 5 6 |  6.1

Action                   |  1- 3 |  4- 6 |  7- 9 || total
-------------------------+-------+-------+-------++-------
Melee: Short sword       |   146 |   300 |       ||   446
       Rapier            |       |    11 |   418 ||   429
  Use: Potion            |       |     3 |     2 ||     5
       Scroll            |       |     5 |     3 ||     8
 Stab: Sleeping          |     3 |     3 |     4 ||    10
       Distracted        |       |     1 |       ||     1
  Eat: Chunk             |     7 |    31 |    20 ||    58
Armor: Robe              |    46 |    11 |       ||    57
       Leather armour    |       |    38 |    23 ||    61
       Ring mail         |       |       |    96 ||    96
Dodge: Dodged            |   114 |   174 |   219 ||   507
